 Dungeon Crawl Stone Soup version 0.19.0-19-g8c6edcc (webtiles) character file.

6415 Monkfish the Covert (level 11, 0/99 (102) HPs)
             Began as a Kobold Berserker on Nov 13, 2016.
             Was an Elder of Trog.
             Slain by a hippogriff (2 damage)
             ... on level 10 of the Dungeon.
             The game lasted 00:14:31 (8256 turns).

Monkfish the Covert (Kobold Berserker)              Turns: 8256, Time: 00:14:32

HP:   0/99 (102)    AC:  1    Str: 24    XL:     11   Next: 18%
MP:   11/11         EV: 19    Int:  8    God:    Trog [****..]
Gold: 594           SH:  0    Dex: 14    Spells: 0 memorised, 10 levels left

rFire  . . .     SeeInvis +     l - +4 Vampire's Tooth {vamp}
rCold  . . .     Gourm    .     v - +0 steam dragon scales
rNeg   . . .     Faith    .     (shield restricted)
rPois  .         Spirit   .     t - +0 helmet
rElec  .         Reflect  .     m - +0 cloak
rCorr  .         Harm     +     y - +0 pair of gloves
MR     ++...     Rnd*Rage +     (no boots)
Stlth  .......... Rnd*Tele +    h - amulet of harm
                                (no ring)
                                s - ring of see invisible

@: berserking, corroded, regenerating, very quick
A: berserk 1, carnivore 3, shaggy fur 1, teleportitis 1, MP-powered wands
a: Berserk, Trog's Hand, Brothers in Arms, Burn Spellbooks, Renounce Religion


You were on level 10 of the Dungeon.
You worshipped Trog.
Trog was greatly pleased with you.
You were very full.

You visited 1 branch of the dungeon, and saw 10 of its levels.
You also visited: Sewer.

You collected 594 gold pieces.

Inventory:

Hand Weapons
 e - a +3 dagger of draining
 i - a +2 dagger of venom
 l - the +4 Vampire's Tooth (weapon) {vamp}
   (You found it on level 4 of the Dungeon)

   It inflicts no extra harm, but heals its wielder when it wounds a living foe.
Armour
 m - a +0 cloak (worn)
 t - a +0 helmet (worn)
 v - +0 steam dragon scales (worn)
 y - a +0 pair of gloves (worn)
 A - a +0 buckler
Jewellery
 a - an uncursed amulet of guardian spirit
 h - an amulet of harm (around neck)
 s - a ring of see invisible (left hand)
Wands
 n - a wand of iceblast (9/15)
 o - a wand of polymorph (14/24)
 u - a wand of paralysis (17/24)
 z - a wand of disintegration (9/24)
 B - a wand of flame (26/48)
Scrolls
 f - 6 scrolls of remove curse
 g - 2 scrolls of magic mapping
 j - a scroll of fear
 r - 3 scrolls of teleportation
 w - a scroll of identify
Potions
 d - a potion of flight
 p - a potion of heal wounds
 q - 4 potions of agility
 x - a potion of curing
 C - 2 potions of degeneration {unknown}
Comestibles
 b - 2 beef jerkies
 c - 10 meat rations
 k - a slice of pizza
 D - a chunk of flesh


   Skills:
 + Level 8.2 Fighting
 + Level 11.3 Short Blades
 - Level 1.5 Armour
 + Level 7.9 Dodging
 * Level 14.2 Stealth


You had 10 spell levels left.
You didn't know any spells.

Dungeon Overview and Level Annotations

Branches:
Dungeon (10/15)            Temple (0/1) D:5            Lair (0/6) D:9
    Orc (0/2) D:10

Altars:
Ashenzari
Cheibriados
Dithmenos
Fedhas
Gozag
Hepliaklqana
Nemelex Xobeh
Okawaru
Qazlal
Ru
Zin
The Shining One

Shops:
D:4 :   D:5 (


Innate Abilities, Weirdness & Mutations

You are small and have problems with some larger weapons.
You are carnivorous and can eat meat at any time.
You tend to lose your temper in combat.
You are covered in fur. (AC +1)
You are occasionally teleported next to monsters.
You expend magic power (3 MP) to strengthen your wands.


Message History

You feel resistant to hostile enchantments.
You feel quite a bit less full. The hippogriff barely misses you.
The hippogriff pecks you. The hippogriff completely misses you.
You hit the hippogriff but do no damage.
The hippogriff closely misses you. The hippogriff completely misses you.
The hippogriff claws you.
You hit the hippogriff.
The hippogriff is lightly wounded.
You hit the hippogriff but do no damage.
The hippogriff is lightly wounded.
The hippogriff bites you!
* * * LOW HITPOINT WARNING * * *
The hippogriff pecks you!
* * * LOW HITPOINT WARNING * * *
The hippogriff misses you.
A red film seems to cover your vision as you go berserk!
You feel yourself moving faster!
You feel mighty!
The hippogriff bites you but does no damage.
The hippogriff pecks you.
You die...

#.# #.# #.# #####.#####
#.# ##.........##
##.###...##.##...###
#...#.###.#....>....
###.....# #..###...###
##.......###..####.###.
#.....H................
#.....@..#............#
#.##..<....##..###.##.#
#.##......[............
#.###.#............##.#
#.# #.#.)#.........##.#
#.# #..........######.#
#.# #.#..###..## #..
#.# #.#..###..# #.. #.#
#.........#######..


You could see a hippogriff.

Vanquished Creatures
  A death yak (D:9)
  The ghost of Vajrapani the Cleaver, a novice MiFi of Hepliaklqana (D:9)
  The ghost of Chiseanne the Nimble, a novice SpMo of Trog (D:6)
  A hippogriff (D:8)
  The ghost of Leybi the Sneak, an amateur VSAs (D:4)
  A hungry ghost (D:8)
  A steam dragon (D:8)
  4 wargs (D:10)
  A water moccasin (D:8)
  2 orc warriors
  An ice beast (D:8)
  A black bear (D:9)
  3 ogres
  2 necrophages
  3 centaurs
  Blork the orc (D:6)
  A big kobold (D:10)
  6 bullfrogs
  The ghost of Gekot the Sneak, an amateur SpEn (Sewer)
  A gnoll sergeant (D:9)
  A wyvern zombie (D:9)
  2 scorpions
  10 wights (D:8)
  4 killer bees (D:8)
  2 vampire bats (D:4)
  A bullfrog zombie (D:8)
  A crimson imp (D:8)
  2 hounds
  3 jellies
  2 centaur skeletons
  5 orc wizards
  A quasit (D:10)
  Crazy Yiuf (D:2)
  2 orc priests
  Jessica (D:2)
  Ijyb (D:2)
  An iguana (D:6)
  7 worker ants
  A hound skeleton (D:10)
  A hound zombie (D:8)
  A worker ant zombie (D:4)
  13 gnolls
  10 adders
  A howler monkey skeleton (D:5)
  3 river rats (D:5)
  2 adder skeletons
  A worm (D:2)
  9 leopard geckos
  22 orcs
  4 ball pythons (Sewer)
  12 giant cockroaches
  6 hobgoblins
  3 jackals (D:6)
  11 kobolds
  7 quokkas
  14 bats
  6 frilled lizards
  7 goblins
  A jackal skeleton (D:6)
  A leopard gecko skeleton (D:8)
  8 rats
225 creatures vanquished.

Notes
Turn   | Place    | Note
-------+----------+-------------------------------------------
     0 | D:1      | Monkfish the Kobold Berserker began the quest for the Orb.
     0 | D:1      | Reached XP level 1. HP: 14/14 MP: 1/1
    50 | D:1      | Reached skill level 1 in Stealth
    50 | D:1      | Reached XP level 2. HP: 9/19 MP: 2/2
   236 | D:1      | Reached XP level 3. HP: 15/24 MP: 3/3
   706 | D:2      | Found a runed door.
   827 | D:2      | Reached ** piety under Trog
   827 | D:2      | Reached skill level 2 in Stealth
   874 | D:2      | Reached XP level 4. HP: 29/29 MP: 4/4
   929 | D:2      | Noticed Jessica
   931 | D:2      | Reached skill level 5 in Short Blades
   936 | D:2      | Killed Jessica
   936 | D:2      | Reached skill level 3 in Stealth
  1150 | D:2      | Noticed Ijyb
  1160 | D:2      | Killed Ijyb
  1160 | D:2      | Reached XP level 5. HP: 33/33 MP: 5/5
  1492 | D:2      | Noticed Crazy Yiuf
  1496 | D:2      | Killed Crazy Yiuf
  1496 | D:2      | Reached skill level 4 in Stealth
  1649 | D:1      | Gained mutation: You are covered in fur. (AC +1) [potion of beneficial mutation]
  1687 | D:3      | Found a hazy altar of Hepliaklqana.
  1736 | D:3      | Reached XP level 6. HP: 38/38 MP: 6/6
  1756 | D:3      | Found a shattered altar of Ashenzari.
  1806 | D:3      | Reached skill level 5 in Stealth
  1835 | D:3      | Found a faded altar of an unknown god.
  2294 | D:4      | Reached skill level 6 in Stealth
  2334 | D:4      | Noticed Leybi's ghost (amateur VSAs)
  2348 | D:4      | Reached XP level 7. HP: 43/43 MP: 5/7
  2353 | D:4      | Killed Leybi's ghost
  2353 | D:4      | Reached skill level 7 in Stealth
  2393 | D:4      | Found Tanug's Book Boutique.
  2784 | D:4      | Reached *** piety under Trog
  2923 | D:5      | Entered Level 5 of the Dungeon
  2928 | D:5      | Found an iron altar of Okawaru.
  2930 | D:5      | Found a sacrificial altar of Ru.
  2966 | D:5      | Found a glowing silver altar of Zin.
  2989 | D:5      | Reached XP level 8. HP: 48/48 MP: 5/8
  3058 | D:5      | Reached skill level 8 in Stealth
  3192 | D:5      | Found a glowing drain.
  3196 | Sewer    | Entered a sewer
  3389 | Sewer    | Noticed Gekot's ghost (amateur SpEn)
  3413 | Sewer    | Killed Gekot's ghost
  3441 | Sewer    | Reached skill level 5 in Fighting
  3758 | D:5      | Found Uthepn's Antique Weapon Boutique.
  3871 | D:5      | Found a staircase to the Ecumenical Temple.
  4358 | D:6      | Found a snail-covered altar of Cheibriados.
  4417 | D:6      | Found an opulent altar of Gozag.
  4435 | D:6      | Noticed Blork the orc
  4438 | D:6      | Killed Blork the orc
  4438 | D:6      | Reached skill level 9 in Stealth
  4507 | D:6      | Found a glowing golden altar of the Shining One.
  4728 | D:6      | Reached XP level 9. HP: 42/54 MP: 9/9
  4802 | D:6      | Reached skill level 5 in Dodging
  4802 | D:6      | Reached skill level 10 in Stealth
  5012 | D:6      | Noticed Chiseanne's ghost (novice SpMo)
  5083 | D:6      | Killed Chiseanne's ghost
  5083 | D:6      | Reached skill level 11 in Stealth
  5374 | D:7      | Found a stormy altar of Qazlal.
  5460 | D:7      | Found a stormy altar of Qazlal.
  5830 | D:7      | Reached **** piety under Trog
  6182 | D:8      | Noticed a hippogriff
  6201 | D:8      | Killed a hippogriff
  6201 | D:8      | Reached skill level 12 in Stealth
  6226 | D:8      | Reached XP level 10. HP: 24/61 MP: 10/10
  6330 | D:8      | Found a blossoming altar of Fedhas.
  6477 | D:8      | Reached skill level 10 in Short Blades
  6982 | D:9      | Found a staircase to the Lair.
  6982 | D:9      | Noticed a death yak
  7005 | D:9      | Killed a death yak
  7048 | D:9      | Noticed Vajrapani's ghost (novice MiFi)
  7278 | D:9      | Found a shadowy altar of Dithmenos.
  7296 | D:9      | Reached skill level 13 in Stealth
  7339 | D:8      | Gained mutation: You expend magic power (3 MP) to strengthen your wands. [potion of mutation]
  7339 | D:8      | Gained mutation: You tend to lose your temper in combat. [potion of mutation]
  7339 | D:8      | Gained mutation: You are occasionally teleported next to monsters. [potion of mutation]
  7441 | D:9      | Killed Vajrapani's ghost
  7578 | D:9      | Reached XP level 11. HP: 42/67 MP: 11/11
  7784 | D:9      | Found a sparkling altar of Nemelex Xobeh.
  7832 | D:10     | Entered Level 10 of the Dungeon
  8014 | D:10     | Found a staircase to the Orcish Mines.
  8048 | D:10     | Reached skill level 14 in Stealth
  8255 | D:10     | HP: 1/66 [hippogriff (10)]
  8256 | D:10     | Slain by a hippogriff

Skill      XL: |  1  2  3  4  5  6  7  8  9 10 11 |
---------------+----------------------------------+-----
Stealth        | 1 2 3 4 6 7 9 12 13 14 | 14.2
Short Blades   | 5 6 7 8 9 11 | 11.3
Fighting       | 4 5 6 8 |  8.2
Dodging        | 3 4 5 7 |  7.9
Armour         | |  1.5

Action                   |  1- 3 |  4- 6 |  7- 9 | 10-12 || total
-------------------------+-------+-------+-------+-------++-------
Melee: Short sword       |    60 |    52 |       |       ||   112
       Dagger            |       |    92 |   428 |   333 ||   853
Invok: Berserk           |     1 |     4 |     7 |     6 ||    18
       Trog's Hand       |       |     2 |     5 |     6 ||    13
       Burn Spellbooks   |       |       |     1 |     1 ||     2
  Use: Potion            |     3 |     3 |     5 |     2 ||    13
       Scroll            |     2 |     6 |     7 |     3 ||    18
 Stab: Sleeping          |     7 |     7 |    14 |     8 ||    36
       Distracted        |       |       |     2 |     1 ||     3
  Eat: Chunk             |     8 |     8 |    24 |    22 ||    62
Armor: Animal skin       |     4 |     6 |       |       ||    10
       Robe              |       |     1 |       |       ||     1
       Leather armour    |       |    24 |    54 |       ||    78
       Steam dragon scal |       |       |       |    26 ||    26
Dodge: Dodged            |    26 |   120 |   245 |   165 ||   556
